 Dungeon Crawl Stone Soup version 0.14-a0-181-gf6fe0c6 (webtiles) character file.

298 Malachi the Vexing (level 4, -1/30 HPs)
             Began as a Vampire Enchanter on Oct 7, 2013.
             Killed from afar by a kobold (10 damage)
             ... with a wand of fire
             ... on Level 3 of the Dungeon.
             The game lasted 00:03:43 (2517 turns).

Malachi the Vexing (Vampire Enchanter)              Turns: 2517, Time: 00:03:43

HP  -1/30        AC  3     Str  7      XL: 4   Next: 75%
MP   6/8         EV 13     Int 18      God:
Gold 178         SH  0     Dex 14      Spells:  2 memorised,  2 levels left

Res.Fire  : . . .   See Invis. : +   p - +3 dwarf dagger
Res.Cold  : + . .   Warding    : .   b - +1 robe
Life Prot.: + + .   Conserve   : .   (no shield)
Res.Poison: +       Res.Corr.  : .   (no helmet)
Res.Elec. : .       Clarity    : .   (no cloak)
Sust.Abil.: . .     Spirit.Shd : .   (no gloves)
Res.Mut.  : .       Stasis     : .   (no boots)
Res.Rott. : +       Flight     : .   (no amulet)
Saprovore : . . .                    (no ring)
                                     (no ring)

@: regenerating slowly, very slightly contaminated, slightly resistant to
hostile enchantments, quite stealthy
A: fangs 3, see invisible, unbreathing
a: Bat Form


You were on level 3 of the Dungeon.
You were very thirsty.

You visited 1 branch of the dungeon, and saw 3 of its levels.

You collected 158 gold pieces.

Inventory:

Hand weapons
 a - a +1,+1 dagger
 f - a +0,+0 short sword
 p - a +3,+3 dwarven dagger (weapon)
Missiles
 d - 12 darts (quivered)
Armour
 b - a +1 robe (worn)
Scrolls
 g - a scroll of enchant weapon I {unknown}
 h - 4 scrolls of identify {unknown}
 j - a scroll of enchant weapon II {unknown}
 k - a scroll of curse armour {unknown}
 l - 3 scrolls of teleportation {unknown}
 m - a scroll of magic mapping {unknown}
 n - 2 scrolls of remove curse {unknown}
 o - 3 scrolls of enchant armour {unknown}
 r - 2 scrolls of amnesia {unknown}
 s - a scroll of fog {unknown}
Potions
 i - a potion of cure mutation {unknown}
 q - a potion of speed {unknown}
Books
 c - a book of Maledictions

   Spells                             Type                      Level
   *Corona                            Hexes                        1
   Sure Blade                         Hexes/Charms                 2
   *Ensorcelled Hibernation           Hexes/Ice                    2
   Confuse                            Hexes                        3
   Enslavement                        Hexes                        4
   Invisibility                       Hexes                        6


   Skills:
 + Level 0.1 Fighting
 * Level 2.1 Short Blades
 + Level 0.7 Throwing
 + Level 3.5 Dodging
 * Level 4.8 Stealth
 - Level 1.0 Spellcasting
 + Level 5.5 Hexes


You had 2 spell levels left.
You knew the following spells:

 Your Spells              Type           Power        Failure   Level  Hunger
a - Corona                Hex            ###....      1%          1    ##.....
b - Ensorcelled Hibernat  Hex/Ice        ##....       12%         2    ###....


Dungeon Overview and Level Annotations

Branches:
Dungeon (3/27)

Altars:


Innate Abilities, Weirdness & Mutations

You heal slowly.
You have razor-sharp teeth.*
You have supernaturally acute eyesight.
You can survive without breathing.*


Message History

A kobold is nearby!
A kobold is nearby!
Your potion of coagulated blood rots away.
You closely miss the kobold. The kobold hits you.
You hit the kobold but do no damage.
The kobold zaps a wand.
The bolt of fire hits you!
Ouch! That really hurt!
* * * LOW HITPOINT WARNING * * *
You are too injured to fight recklessly!
You are too injured to fight recklessly!
Casting: Ensorcelled Hibernation
Confirm with . or Enter, or press ? or * to list all spells.
Aiming: Ensorcelled Hibernation
Press: ? - help, Shift-Dir - straight line, f - kobold
Aim: a kobold wearing a shiny ring mail and carrying a wand of fire {zapped: 1} You miscast Ensorcelled Hibernation.
You are very lightly contaminated with residual magic.
The kobold zaps a wand.
The bolt of fire hits you!
One of your 2 scrolls labeled PHUUGA QULO catches fire!
You die...

. ...# ...# #..# # #..#
... #..#
......######..#
#....@.....#
#...K......#
#..######..# #.. #.
#..# #..# # #..# #..# .
#..# #..# ..# #..# #..#
#..######..# #..#
############..........#
#..#


You could see a kobold.

Vanquished Creatures
  4 adders (D:2)
  A giant mite (D:3)
  A worm (D:3)
  3 giant geckos
  An orc (D:3)
  A ball python (D:2)
  6 giant cockroaches
  9 goblins
  10 hobgoblins
  9 jackals
  3 kobolds (D:1)
  A quokka (D:2)
  7 bats
  A giant newt (D:2)
  5 rats
62 creatures vanquished.

Notes
Turn   | Place    | Note
--------------------------------------------------------------
     0 | D:1      | Malachi, the Vampire Enchanter, began the quest for the Orb.
     0 | D:1      | Reached XP level 1. HP: 13/13 MP: 4/4
   233 | D:1      | Reached XP level 2. HP: 17/19 MP: 5/5
   347 | D:1      | Reached skill level 5 in Hexes
   706 | D:1      | Reached XP level 3. HP: 21/24 MP: 6/6
  1164 | D:2      | Learned a level 2 spell: Ensorcelled Hibernation
  1517 | D:2      | Reached XP level 4. HP: 7/30 MP: 8/8
  2517 | D:3      | Killed from afar by a kobold

Action                   |  1- 3 |  4- 6 || total
-------------------------+-------+-------++-------
Melee: Dagger            |    80 |   100 ||   180
       Short sword       |    31 |       ||    31
 Cast: Ensorcelled Hiber |       |     4 ||     4
  Use: Potion            |     5 |       ||     5
 Stab: Sleeping          |     8 |     4 ||    12
